 Dungeon Crawl Stone Soup version 0.27.0-1-g7a089689b8 (webtiles) character file.

Game seed: 638056163956634492

2288 ZombieSheep the Ducker (level 9, -15/64 HPs)
             Began as an Octopode Fighter on Aug 9, 2021.
             Demolished by a boulder beetle (26 damage)
             ... on level 6 of the Dungeon.
             The game lasted 00:17:26 (8476 turns).

ZombieSheep the Ducker (Octopode Fighter)           Turns: 8476, Time: 00:17:27

Health: -15/64     AC:  1    Str: 15    XL:     9   Next: 39%
Magic:  9/9        EV: 16    Int: 10    God:
Gold:   345        SH:  0    Dex: 13    Spells: 8/8 levels left

rFire    . . .     SeeInvis .   a - +2 demon blade (elec)
rCold    + . .     Faith    .   (no shield)
rNeg     . . .     Spirit   .   (helmet restricted)
rPois    .         Reflect  .   s - amulet of the acrobat
rElec    .         Harm     .   h - ring of willpower
rCorr    .         Rampage  .   o - ring of willpower
Will     ++...                  (no ring)
Stlth    ++++......             (no ring)
HPRegen  0.20/turn              (no ring)
MPRegen  0.11/turn              (no ring)
                                (no ring)
                                (no ring)

@: mighty
A: almost no armour, amphibious, 8 rings, camouflage 1, gelatinous body 1,
(nimble swimmer 1), tentacles, tentacle spike 1, cold resistance 1, dopey 1
a: no special abilities


You were on level 6 of the Dungeon.
You visited 1 branch of the dungeon, and saw 6 of its levels.

You collected 345 gold pieces.

Inventory:

Hand Weapons
 a - a +2 demon blade of electrocution (weapon)
 b - a +0 dagger
 j - a +0 long sword
 l - a +2 short sword of venom
Armour
 d - a +1 kite shield
Jewellery
 h - a ring of willpower (left tentacle)
 o - a ring of willpower (right tentacle)
 s - an amulet of the acrobat (around mantle)
Scrolls
 i - 4 scrolls of teleportation
 m - a scroll of enchant armour
 n - a scroll of silence
 r - 2 scrolls of identify
Potions
 c - a potion of might
 e - a potion of degeneration {unknown}
 f - a potion of mutation
 g - 3 potions of lignification {unknown}
 k - a potion of attraction {unknown}
 p - a potion of haste {unknown}
 q - 2 potions of curing


   Skills:
 + Level 7.1 Fighting
 + Level 6.6 Long Blades
 * Level 7.9 Dodging
 - Level 5.1 Stealth
 - Level 3.0 Shields


You had 8 spell levels left.
You didn't know any spells.
Your spell library contained the following spells:

 Spells                   Type           Power      Damage    Failure   Level
 Blade Hands              Tmut           0%         N/A       100%        5
 Iron Shot                Conj/Erth      0%         9d1       100%        6
 Animate Armour           Summ/Erth      Unusable   N/A       N/A         4

Dungeon Overview and Level Annotations

Branches:
Dungeon (6/15)
 Temple: D:4-7

Altars:
Makhleb
Uskayaw
The Shining One

Shops:
D:3 !


Innate Abilities, Weirdness & Mutations

You cannot wear most types of armour.
You are amphibious.
You can wear up to eight rings at the same time.
Your skin changes colour to match your surroundings (Stealth+).
Your rubbery body absorbs attacks. (AC +1, EV +1)
((You are camouflaged near water. (Stealth+)))
You have tentacles for arms and can constrict up to eight enemies at once.
One of your tentacles bears a spike.
Your flesh is cold resistant. (rC+)
You are dopey. (Int -2)


Message History

The sky beast is severely wounded.
The sky beast barely misses you.
You hit the sky beast. Your squeeze misses the sky beast.
The sky beast is severely wounded.
The sky beast barely misses you.
You riposte.
You slash the sky beast!
You kill the sky beast!
You start resting.
HP restored.
Found a stone staircase leading down.
r - 2 scrolls of identify (gained 1)
A boulder beetle comes into view.
Your +2 demon blade of electrocution stops crackling.
b - a +0 dagger (weapon)
The helpless boulder beetle fails to defend itself.
You puncture the boulder beetle!
You pierce the boulder beetle, but do no damage.
You squeeze the boulder beetle, but do no damage.
The boulder beetle is lightly wounded.
The boulder beetle bites you!
You hear the crackle of electricity.
a - a +2 demon blade of electrocution (weapon)
You feel very mighty all of a sudden. The boulder beetle barely misses you.
You hit the boulder beetle.
You pierce the boulder beetle, but do no damage.
You squeeze the boulder beetle!
The boulder beetle is moderately wounded.
The boulder beetle bites you.
You hit the boulder beetle but do no damage.
The boulder beetle is moderately wounded.
The boulder beetle barely misses you.
You hit the boulder beetle.
The boulder beetle is moderately wounded.
The boulder beetle bites you!!
Ouch! That really hurt!
* * * LOW HITPOINT WARNING * * *
You completely miss the boulder beetle.
You pierce the boulder beetle.
The boulder beetle is moderately wounded.
The boulder beetle bites you!!
You die...

#######
#.....########################
#............................#
#.....######################.#
####.#......#.B@...#.......#.#
#.#....#.#.####.#.#####.#.#
#.#......#........>##.....#
#.##..#########.#..##.#.###
#.##..........#.#..##.#.#
##.###.#######.#.#.###.#.#
#...##.# #.#.#.. ..#.#
#...##.# #.#.### ###.#
#...##.# #.#.# #.#


You could see a boulder beetle.

Vanquished Creatures
  A troll (D:6)
  An ice beast (D:5)
  2 water moccasins (D:5)
  An orc warrior (D:5)
  A sky beast (D:6)
  A black bear (D:4)
  A centaur (D:4)
  A kobold brigand (D:6)
  6 scorpions
  A wyvern skeleton (D:5)
  A water moccasin skeleton (D:4)
  A bullfrog zombie (D:5)
  5 hounds
  2 jellies (D:4)
  A centaur skeleton (D:6)
  3 orc priests
  An iguana (D:5)
  Terence (D:2)
  Natasha (thrice) (D:2)
  4 orc wizards
  2 hound skeletons (D:5)
  7 gnolls
  7 adders
  A white imp (D:6)
  A worm (D:2)
  2 dart slugs
  32 orcs
  2 bats
  14 endoplasms
  2 giant cockroaches
  2 goblins
  4 hobgoblins
  11 jackals
  15 kobolds
  8 quokkas
  6 ball pythons
  5 frilled lizards
  5 rats
164 creatures vanquished.

Vanquished Creatures (others)
  3 fungi (D:4)
  11 toadstools (D:4)
14 creatures vanquished.

Grand Total: 178 creatures vanquished

Notes
Turn   | Place    | Note
-------+----------+-------------------------------------------
     0 | D:1      | ZombieSheep the Octopode Fighter began the quest for the
                  | Orb.
     0 | D:1      | Reached XP level 1. HP: 16/16 MP: 1/1
   141 | D:1      | Reached skill level 1 in Stealth
   206 | D:1      | Reached XP level 2. HP: 18/21 MP: 2/2
   894 | D:2      | Reached XP level 3. HP: 12/26 MP: 3/3
  1133 | D:2      | Noticed Natasha
  1137 | D:2      | Killed Natasha
  1206 | D:2      | Reached XP level 4. HP: 30/33 MP: 4/4
  1779 | D:2      | Noticed Natasha
  1868 | D:2      | Killed Natasha
  1869 | D:2      | Reached XP level 5. HP: 29/37 MP: 5/5
  1930 | D:2      | Noticed Terence
  1938 | D:2      | Killed Terence
  2036 | D:2      | Noticed Natasha
  2041 | D:2      | Killed Natasha
  2529 | D:3      | Gained mutation: You are dopey. (Int -2) [potion of
                  | mutation]
  2529 | D:3      | Gained mutation: One of your tentacles bears a spike.
                  | [potion of mutation]
  2529 | D:3      | Gained mutation: Your flesh is cold resistant. (rC+)
                  | [potion of mutation]
  2800 | D:3      | Reached XP level 6. HP: 27/44 MP: 6/6
  3124 | D:3      | Found Qiepimna's Distillery.
  4158 | D:4      | Reached skill level 5 in Stealth
  4678 | D:4      | Reached skill level 5 in Fighting
  4678 | D:4      | Reached XP level 7. HP: 34/50 MP: 7/7
  5922 | D:4      | Found a burning altar of Makhleb.
  5929 | D:4      | Reached skill level 5 in Long Blades
  6178 | D:4      | Identified a scroll of acquirement
  6178 | D:4      | Acquired a +2 demon blade of electrocution
  6210 | D:5      | Entered Level 5 of the Dungeon
  6216 | D:5      | Reached skill level 5 in Dodging
  6216 | D:5      | Reached XP level 8. HP: 57/57 MP: 8/8
  7155 | D:5      | Reached XP level 9. HP: 60/63 MP: 9/9
  7268 | D:5      | Noticed a +0 hand axe
  7268 | D:5      | Noticed a +0 hand axe
  7272 | D:5      | Found a hide-covered altar of Uskayaw.
  7468 | D:5      | Found a glowing golden altar of the Shining One.
  7612 | D:6      | Noticed a troll
  7626 | D:6      | Killed a troll
  8465 | D:6      | Noticed a boulder beetle
  8476 | D:6      | Demolished by a boulder beetle

Illustrated notes

Levels and vault maps discovered:
D:1:      nagdon_arrival_double_spiral, layout_rooms
D:2:      layout_loops_ring, grunt_ministairs_14, uniq_terence, uniq_natasha
D:3:      layout_loops_ring, serial_shops, shop, fountainhead
D:4:      cheibrodos_fertilizer, layout_gridville, makhleb_blood_cavern_becter
D:5:      minmay_evil_eye, layout_basic, dancing_weapons_uskayaw,
          kennysheep_little_box, minmay_diced_spiral
D:6:      layout_basic, minmay_lizard_king

Skill      XL: |  1  2  3  4  5  6  7  8  9 |
---------------+----------------------------+-----
Stealth        | 1 2 3 4 5 |  5.1
Long Blades    | 3 4 5 6 |  6.6
Fighting       | 4 5 6 7 |  7.1
Dodging        | 5 7 |  7.9
Shields        | |  3.0

Action                   |  1- 3 |  4- 6 |  7- 9 || total
-------------------------+-------+-------+-------++-------
Melee: Long sword        |    37 |   102 |    52 ||   191
       Constrict         |    10 |    32 |    34 ||    76
       Tentacles         |     9 |    29 |    31 ||    69
       Dagger            |     5 |    11 |     3 ||    19
       Kick              |       |    15 |    53 ||    68
       Demon blade       |       |       |   106 ||   106
  Use: Scroll            |     1 |     5 |     4 ||    10
       Potion            |       |     2 |     2 ||     4
 Stab: Sleeping          |     4 |    12 |    11 ||    27
       Distracted        |       |       |     1 ||     1
Armor: Skin              |       |     1 |     7 ||     8
Dodge: Dodged            |    21 |    63 |   105 ||   189
       Rpst.: Long sword |     9 |    12 |    10 ||    31
       Demon blade       |       |       |    21 ||    21
